 Dungeon Crawl Stone Soup version 0.25-a0-842-g81a31cf (webtiles) character file.

Game seed: 2131688082565314658, levelgen mode: deterministic

33 robertstho the Skirmisher (level 3, 0/30 HPs)
             Began as a Demonspawn Abyssal Knight on Apr 24, 2020.
             Was a Follower of Lugonu.
             Slain by a gnoll
             ... wielding a cursed -1 whip
              (5 damage)
             ... on level 2 of the Dungeon.
             The game lasted 00:01:17 (1426 turns).

robertstho the Skirmisher (DsAK)                    Turns: 1426, Time: 00:01:18

Health: 0/30       AC:  5    Str: 13    XL:     3   Next: 12%
Magic:  5/5        EV: 10    Int: 13    God:    Lugonu [*.....]
Gold:   57         SH:  0    Dex: 12    Spells: 2/2 levels left

rFire    + . .     SeeInvis .   a - +1 spear
rCold    . . .     Gourm    .   (no shield)
rNeg     . . .     Faith    .   f - +0 ring mail
rPois    .         Spirit   .   (no helmet)
rElec    .         Reflect  .   (no cloak)
rCorr    .         Harm     .   (no gloves)
MR       .....                  (no boots)
Stlth    +.........             (no amulet)
HPRegen  0.10/turn              (no ring)
MPRegen  0.09/turn              (no ring)

@: no status effects
A: fire resistance 1
a: Depart the Abyss, Renounce Religion


You were on level 2 of the Dungeon.
You worshipped Lugonu.
Lugonu was aware of your devotion.
You were not hungry.

You visited 1 branch of the dungeon, and saw 2 of its levels.
You visited the Abyss 1 time.

You collected 57 gold pieces.

Inventory:

Hand Weapons
 a - a +1 spear (weapon)
Armour
 f - a +0 ring mail (worn)
Scrolls
 e - a scroll of teleportation {unknown}
 i - a scroll of fog {unknown}
Potions
 d - 2 potions of lignification {unknown}
 g - a potion of invisibility {unknown}
 h - a potion of curing {unknown}
Comestibles
 b - 2 chunks of flesh
 c - 2 rations


   Skills:
 * Level 3.7 Fighting
 * Level 2.1 Polearms
 + Level 1.8 Armour
 + Level 0.9 Dodging
 + Level 0.4 Stealth
 * Level 2.8 Invocations


You had 2 spell levels left.
You didn't know any spells.
Your spell library was empty.

Dungeon Overview and Level Annotations

Branches:
Dungeon (2/15)

Altars:
Ru


Innate Abilities, Weirdness & Mutations

Your flesh is heat resistant. (rF+)


Message History

No target in view!
No target in view!
The gnoll shouts!
You hear a shout! x2
The gnoll is too close now for your liking.
There are monsters nearby!
There are monsters nearby!
There are monsters nearby!
The gnoll shouts!
You aren't in the Abyss!
The gnoll hits you with a +0 whip!
You hit the gnoll.
The gnoll is moderately wounded.
The gnoll hits you with a +0 whip!
You hit the gnoll.
The gnoll is lightly wounded.
The gnoll hits you with a cursed -1 whip.
The gnoll hits you with a +0 whip!
* * * LOW HITPOINT WARNING * * *
The gnoll hits you with a cursed -1 whip.
You die...

# .######## ....... ....
#..... .....# #.g..#
#.....# #....# #>....#
#....###########.....#
+...g.g@.......#.....###
#.........####.........#
#########.# #....(....#
#.# #..)......# #.#
#.........' #.#
#.........# #########
#.# #.......).'
........# #..
##.(......# #######.#
#.# #(####).##


You could see 2 gnolls.

Vanquished Creatures
  2 leopard geckos (D:1)
  2 ball pythons
  A bat (D:2)
  2 giant cockroaches (D:1)
  3 goblins
  7 hobgoblins
  2 jackals (D:1)
  A frilled lizard (D:1)
  6 kobolds
26 creatures vanquished.

Notes
Turn   | Place    | Note
-------+----------+-------------------------------------------
     0 | Abyss:1  | robertstho the Demonspawn Abyssal Knight began the quest
                  | for the Orb.
     0 | Abyss:1  | Reached XP level 1. HP: 18/18 MP: 2/2
   127 | Abyss:1  | Noticed a small abomination
   128 | Abyss:1  | Noticed a white very ugly thing
   129 | D:1      | Escaped the Abyss
   421 | D:1      | Gained mutation: Your flesh is heat resistant. (rF+)
                  | [demonic ancestry]
   421 | D:1      | Reached XP level 2. HP: 21/24 MP: 3/3
   487 | D:1      | Reached * piety under Lugonu
  1313 | D:2      | Found a sacrificial altar of Ru.
  1328 | D:2      | Reached XP level 3. HP: 26/30 MP: 5/5
  1426 | D:2      | Slain by a gnoll

Levels and vault maps discovered:
D:1:      nzn_arrival_settlement, layout_basic, solitary_fountain
D:2:      layout_basic, lemuel_doored_altar, lemuel_round_altar, first_ration

Skill      XL: |  1  2 |
---------------+-------+-----
Polearms       | 2 |  2.1
Fighting       | |  3.7
Armour         | |  1.8
Dodging        | |  0.9
Stealth        | |  0.4
Invocations    | |  2.8

Action                   || total
-------------------------++-------
Melee: Spear             ||   121
Invok: Depart the Abyss  ||     1
  Eat: Chunk             ||     2
Armor: Leather armour    ||    27
       Ring mail         ||    13
Dodge: Dodged            ||    62

Table legend:
 A = Non-vault XP
 B = Vault XP
 C = Vault XP percentage of total XP
 D = Non-vault monster count
 E = Vault monster count
 F = Vault count percentage of total count
                 A         B        C        D         E       F
            +---------+---------+-------+---------+---------+-------
      Total |      48 |       0 |   0.0 |      26 |       0 |   0.0
            +---------+---------+-------+---------+---------+-------
        D:1 |      33 |       0 |   0.0 |      17 |       0 |   0.0
        D:2 |      15 |       0 |   0.0 |       9 |       0 |   0.0
            +---------+---------+-------+---------+---------+-------
